AoeStats
← OneBodyProblem

Arabia

503867554Analyzed
2v2 RM · 29d ago on Sep 2, 2026· 61m 21s· 4 players
Game mode
Random Map
Map size
Medium (4 player)
Population
200
Speed
Normal
Resources
Standard
Victory
Conquest
Starting age
Dark Age
Ending age
Imperial Age
RankedLock teamsTeams togetherTeam positionsShared explorationLock speedFull tech treeHidden civsTurbo modeCheats
Victory
Defeat
🇮🇳 Romans · India
923
+15
🇮🇳 Persians · India
919
+16
🇺🇸 Khmer · United States
938
-17
🇨🇴 Vietnamese · Colombia
885
-14
arpeetmakasare123
4:58 Loom
11:18 Feudal Age
12:11 Man-at-Arms
14:38 Scale Mail Armor
15:18 Double-Bit Axe
18:16 Gold Mining
18:21 Stone Mining
22:20 Castle Age
23:53 Pikeman
24:35 Squires
25:19 Horse Collar
26:36 Long Swordsman
37:45 Fletching
38:11 Chain Mail Armor
38:06 Forging
39:44 Heavy Plow
39:56 Bow Saw
47:54 Imperial Age
47:57 Gold Shaft Mining
48:30 Wheelbarrow
47:40 Town Watch
47:57 Capped Ram
48:16 Legionary
49:32 Conscription
50:12 Siege Ram
51:32 Conscription
51:34 Halberdier
57:47 Comitatenses
58:15 Hand Cart
Funesh
7:43 Loom
10:08 Feudal Age
13:06 Double-Bit Axe
13:06 Horse Collar
15:19 Wheelbarrow
16:39 Town Watch
20:22 Castle Age
19:16 Gold Mining
20:15 Bloodlines
20:21 Forging
20:17 Scale Barding Armor
21:25 Husbandry
24:29 Bow Saw
23:51 Elite Skirmisher
38:35 Hand Cart
41:45 Fletching
45:18 Gold Shaft Mining
44:34 Stone Mining
46:30 Bodkin Arrow
46:37 Padded Archer Armor
47:12 Iron Casting
54:18 Imperial Age
51:48 Town Patrol
52:19 Chain Barding Armor
52:15 Leather Archer Armor
52:27 Ballistics
52:05 Murder Holes
54:55 Conscription
54:39 Cavalier
56:23 Blast Furnace
55:58 Plate Barding Armor
55:01 Onager
57:36 Chemistry
56:50 Savar
60:50 Stone Shaft Mining
deiwersmith
0:55 Loom
11:06 Feudal Age
13:37 Double-Bit Axe
21:13 Horse Collar
24:46 Castle Age
22:52 Stone Mining
24:07 Gold Mining
24:49 Elite Skirmisher
24:52 Pikeman
25:33 Squires
25:18 Arson
26:09 Fletching
26:30 Forging
26:23 Padded Archer Armor
32:00 Thumb Ring
36:55 Heavy Plow
37:08 Bow Saw
37:51 Bodkin Arrow
38:07 Forging
39:42 Leather Archer Armor
40:03 Iron Casting
39:29 Scale Mail Armor
45:32 Chatras
49:38 Imperial Age
47:44 Wheelbarrow
46:54 Town Watch
49:57 Stone Shaft Mining
49:37 Light Cavalry
50:27 Bloodlines
50:18 Husbandry
49:56 Cavalier
50:00 Halberdier
50:28 Arson
50:09 Imperial Skirmisher
52:02 Crop Rotation
52:41 Two-Man Saw
53:26 Paper Money
53:45 Hoardings
52:40 Sappers
61:49 Scale Barding Armor
61:59 Chain Mail Armor
OneBodyProblem
7:24 Loom
9:50 Feudal Age
14:48 Castle Age
14:01 Double-Bit Axe
18:43 Bloodlines
24:03 Husbandry
28:05 Scale Barding Armor
38:16 Chain Barding Armor
38:28 Town Watch
39:20 Wheelbarrow
39:20 Fletching
42:32 Imperial Age
41:46 Hand Cart
43:06 Cavalier
45:20 Conscription
46:29 Bow Saw
50:26 Double Crossbow
54:15 Elite Ballista Elephant
58:04 Bodkin Arrow
58:38 Elite Skirmisher
Connection lost

Rejoining the realm…

Still unreachable

The connection could not be restored.

Session expired

The server has moved on; the page needs a fresh start.